 Dungeon Crawl Stone Soup version 0.29.1-1-gd02db6906a (webtiles) character file.

Game seed: 3313739334435120227

18 safid the Shooter (level 2, -1/26 HPs)
             Began as a Minotaur Hunter on Oct 19, 2022.
             Slain by Terence
             ... wielding a +0 short sword
              (5 damage)
             ... on level 2 of the Dungeon.
             The game lasted 00:00:52 (774 turns).

safid the Shooter (Minotaur Hunter)                  Turns: 774, Time: 00:00:53

Health: -1/26      AC:  3    Str: 15    XL:     2   Next: 48%
Magic:  1/1        EV: 12    Int:  6    God:
Gold:   62         SH:  0    Dex: 13    Spells: 1/1 levels left

rFire   . . .      SeeInvis .   a - +0 shortbow
rCold   . . .      Faith    .   (shield currently unavailable)
rNeg    . . .      Spirit   .   c - +0 leather armour
rPois   .          Reflect  .   (helmet restricted)
rElec   .          Harm     .   (no cloak)
rCorr   .          Rampage  .   (no gloves)
Will    .....                   (no boots)
Stlth   +.........              (no amulet)
HPRegen 0.08/turn               (no ring)
MPRegen 0.07/turn               (no ring)

@: no status effects
A: horns 2, retaliatory headbutt
a: no special abilities


You were on level 2 of the Dungeon.
You visited 1 branch of the dungeon, and saw 2 of its levels.

You collected 62 gold pieces.

Inventory:

Hand Weapons
 a - a +0 shortbow (weapon)
Armour
 c - a +0 leather armour (worn)
Scrolls
 b - a scroll of immolation
 e - a scroll of enchant weapon {unknown}
 f - a scroll of blinking {unknown}
 h - 2 scrolls of identify {unknown}
 j - a scroll of magic mapping {unknown}
 k - a scroll of fear {unknown}
Potions
 d - a potion of haste {unknown}
 g - a potion of ambrosia {unknown}
 i - a potion of brilliance {unknown}
 l - a potion of heal wounds {unknown}


   Skills:
 - Level 3.0 Fighting
 + Level 4.9 Ranged Weapons
 - Level 2.1 Dodging
 - Level 0.7 Stealth


You had one spell level left.
You didn't know any spells.
Your spell library contained the following spells:

 Spells                   Type           Power      Damage    Failure   Level
 Sublimation of Blood     Necr           0%         N/A       67%         2
 Wereblood                Tmut           0%         N/A       67%         2
 Summon Hydra             Summ           0%         N/A       100%        7


Dungeon Overview and Level Annotations

Branches:
Dungeon (2/15)

Altars:

Annotations:
D:2 Terence


Innate Abilities, Weirdness & Mutations

You have a pair of horns on your head.
You reflexively headbutt those who attack you in melee.


Message History

You shoot an arrow.
The arrow hits Terence but does no damage.
You shoot an arrow.
The arrow hits Terence but does no damage.
You shoot an arrow.
The arrow hits Terence but does no damage.
You shoot an arrow.
The arrow hits Terence but does no damage.
You shoot an arrow. The arrow closely misses Terence.
Terence barely misses you.
You shoot an arrow. The arrow hits Terence.
Terence is lightly wounded.
Terence hits you with a +0 short sword.
You shoot an arrow. The arrow closely misses Terence.
Terence hits you with a +0 short sword. Terence barely misses you.
You shoot an arrow. The arrow barely misses Terence.
Terence misses you. You furiously retaliate!
You headbutt Terence. You shoot an arrow.
The arrow hits Terence but does no damage.
Terence is moderately wounded.
Terence hits you with a +0 short sword.
You shoot an arrow. The arrow barely misses Terence.
Terence hits you with a +0 short sword. Terence hits you with a +0 short sword!
* * * LOW HITPOINT WARNING * * *
You are too injured to fight recklessly!
You are too injured to fight recklessly!
You are too injured to fight recklessly!
You enter the shallow water.
Moving in this stuff is going to be slow.
Terence attacks as you move away! Terence closely misses you.
You furiously retaliate!
You headbutt Terence, but do no damage. Terence attacks as you move away!
Terence hits you with a +0 short sword.
* * * LOW HITPOINT WARNING * * *
Terence attacks as you move away! Terence closely misses you.
Fire: a) +0 shortbow
Press: ? - help, Q - select action Shift-Dir - straight line, f/p - Terence
Aim: Terence, wielding a +0 short sword and wearing a +0 chain mail (moderately wounded, 68% to hit)
You shoot an arrow. The arrow closely misses Terence.
Terence hits you with a +0 short sword.
You die...

##########
#####........#
.>...........#
####....)...#
#........#
##.########........#
.......~.~..@@<...<#
~~.≈"..~≈≈~........#
~~~~≈~≈≈≈~.#########
≈≈≈~~~~≈~.~#
≈≈≈~~≈~≈≈~.#
≈≈≈~♣.~≈≈..#
~≈~♣_♣~≈~≈~.
~≈≈..~≈≈~~..#
≈≈~~≈~≈≈≈.~##


You could see Terence.

Vanquished Creatures
  A bat (D:1)
  3 endoplasms (D:1)
  A goblin (D:1)
  3 hobgoblins (D:1)
  2 kobolds
  2 quokkas (D:1)
  A ball python (D:1)
  2 rats
15 creatures vanquished.

Notes
Turn   | Place    | Note
-------+----------+-------------------------------------------
     0 | D:1      | safid the Minotaur Hunter began the quest for the Orb.
     0 | D:1      | Reached XP level 1. HP: 18/18 MP: 0/0
   337 | D:1      | Reached XP level 2. HP: 26/26 MP: 1/1
   752 | D:2      | Found a faded altar of an unknown god.
   757 | D:2      | Noticed Terence
   774 | D:2      | Slain by Terence

Illustrated notes

Levels and vault maps discovered:
D:1:      arrival_zaba_pyramid, layout_basic
D:2:      layout_rooms, chequers_ecumenical_altar_island, serial_shops, shop,
          shop, nicolae_square_shop, nicolae_shop_hallway_plus, shop,
          uniq_terence, uniq_jessica

Skill      XL: |  1 |
---------------+----+-----
Fighting       | 3 |  3.0
Ranged Weapons | |  4.9
Dodging        | |  2.1
Stealth        | |  0.7

Action                   || total
-------------------------++-------
 Fire: Shortbow          ||    51
Armor: Leather armour    ||     4
Dodge: Dodged            ||    15
